 Dungeon Crawl Stone Soup version 0.28-a0-461-g2dc4ca5097 (console) character file.

Game seed: 15731875132003831657

200960 nht the Unseen (level 17, 0/205 HPs)
             Began as a Vampire Berserker on Sept 13, 2021.
             Was the Champion of Trog.
             Shot with an arrow by a satyr (17 damage)
             ... on level 4 of the Shoals.
             The game lasted 01:39:10 (32692 turns).

nht the Unseen (Vampire Berserker)                 Turns: 32692, Time: 01:39:12

Health: 0/205      AC: 28    Str: 16    XL:     17   Next: 89%
Magic:  17/17      EV:  2    Int: 11    God:    Trog [******]
Gold:   2609       SH: 15    Dex: 16    Spells: 16/16 levels left

rFire   + + .      SeeInvis +   M - +6 rapier {vorpal, Drain rPois rN+++ Dex-3}
rCold   . . .      Faith    +   Y - +2 kite shield {rPois}
rNeg    + + +      Spirit   .   (armour currently unavailable)
rPois   +          Reflect  .   (helmet currently unavailable)
rElec   .          Harm     .   (cloak currently unavailable)
rCorr   +          Rampage  .   (gloves currently unavailable)
Will    ++...      NoTele   +   (boots currently unavailable)
Stlth   ++++++....              U - amulet of faith
HPRegen 0.64/turn               u - ring of the Wild Haggis {rF++ rCorr SInv}
MPRegen 0.15/turn               a - ring of willpower

@: tree-form, healing quickly, studying Air Magic, very slow
A: stationary, stasis, torment immunity, boosted hp, alive, (fangs 3), see
invisible, vampiric 2
}: 1/15 runes: barnacled
a: Exsanguinate, Renounce Religion, Berserk, Trog's Hand, Brothers in Arms


You were on level 4 of the Shoals.
You worshipped Trog.
Trog was exalted by your worship.
You were a tree.
You visited 5 branches of the dungeon, and saw 28 of its levels.
You also visited: Gauntlet and Ice Cave.

You collected 3862 gold pieces.
You spent 1253 gold pieces at shops.

Inventory:

Hand Weapons
 M - the +6 rapier "Hogu" (weapon) {vorpal, Drain rPois rN+++ Dex-3}
   (You took it off a minotaur in a Gauntlet)

   It inflicts extra damage upon your enemies.
   Dex:       It affects your dexterity (-3).
   rPois:     It protects you from poison.
   rN:        It renders you almost immune to negative energy.
   Drain:     It drains your maximum health when unequipped.
 Q - a +7 quick blade of flaming
Missiles
 e - 14 throwing nets
 o - 79 boomerangs (quivered)
 p - 4 boomerangs of dispersal
 z - 24 javelins
 A - 8 datura-tipped darts
 D - 26 silver boomerangs
 N - 3 curare-tipped darts
 P - 8 atropa-tipped darts
 R - 10 silver javelins
Armour
 q - the +2 helmet of the Devil (melded) {rC+ rN+ Slay+3}
   (You found it on level 12 of the Dungeon)

   Slay:      It affects your accuracy & damage with ranged weapons and melee
   (+3).
   rC:        It protects you from cold.
   rN:        It protects you from negative energy.
 s - a +0 tower shield of cold resistance
 B - the +4 skin of Zhor (melded) {*Englaciate rC+++ SInv}
   (You found it on level 11 of the Dungeon)

   It radiates cold, occasionally slowing all nearby creatures who are not
   resistant to cold.
   rC:        It renders you almost immune to cold.
   SInv:      It lets you see invisible.
 G - a +0 cloak of stealth (melded)
 L - the +0 pair of boots "Ucsepirr" (melded) {-Tele rElec Slay+4 SInv}
   (You found it in a Gauntlet)

   Slay:      It affects your accuracy & damage with ranged weapons and melee
   (+4).
   rElec:     It insulates you from electricity.
   SInv:      It lets you see invisible.
   -Tele:     It prevents most forms of teleportation.
 V - a +0 pair of gloves (melded)
 Y - a +2 kite shield of poison resistance (worn)
Jewellery
 a - a ring of willpower (right branch)
 u - the ring of the Wild Haggis (left branch) {rF++ rCorr SInv}
   (You found it in a Gauntlet)

   [ring of see invisible]

   rF:        It greatly protects you from fire.
   SInv:      It lets you see invisible.
   rCorr:     It protects you from acid and corrosion.
 E - the ring "Okhlega" {rF+ rC+ AC+4}
   (You found it on level 15 of the Dungeon)

   [ring of protection]

   AC:        It affects your AC (+4).
   rF:        It protects you from fire.
   rC:        It protects you from cold.
 U - an amulet of faith (around neck)
Wands
 b - a wand of mindburst (30)
 y - a wand of paralysis (2)
 W - a wand of charming (5)
 Z - a wand of polymorph (22)
Scrolls
 d - 4 scrolls of enchant weapon
 f - 5 scrolls of immolation
 h - 6 scrolls of vulnerability
 i - 7 scrolls of enchant armour
 l - 4 scrolls of blinking
 n - 3 scrolls of silence
 v - 11 scrolls of teleportation
 x - 9 scrolls of fog
 C - 3 scrolls of magic mapping
 J - 16 scrolls of identify
Potions
 c - 8 potions of attraction
 g - 10 potions of heal wounds
 j - 3 potions of flight
 m - 7 potions of lignification
 r - 7 potions of might
 t - 6 potions of mutation
 w - 11 potions of curing
 F - 2 potions of haste
 H - 4 potions of resistance
 I - a potion of ambrosia
 T - 2 potions of cancellation
Miscellaneous
 k - a box of beasts
 K - a phial of floods
 O - a phantom mirror
 S - a condenser vane
 X - a lightning rod (4/4)


   Skills:
 - Level 13.6 Fighting
 - Level 14.0 Short Blades
 + Level 14.6 Throwing
 - Level 1.5 Armour
 - Level 15.0 Dodging
 - Level 16.0 Stealth
 + Level 12.7 Shields
 - Level 8.4 Evocations


You had 16 spell levels left.
You didn't know any spells.
Your spell library was empty.

Dungeon Overview and Level Annotations

Branches:
Dungeon (15/15)            Temple (0/1) D:5            Lair (6/6) D:8
 Shoals (4/4) Lair:3       Spider (1/4) Lair:3        Slime (0/5) Lair:6
    Orc (2/2) D:12            Elf (0/3) Orc:2        Vaults (0/5) D:14
 Depths (0/5) D:15          IceCv (visited)         Gauntlet (visited)

Altars:
Fedhas
Hepliaklqana
Makhleb
Xom
Yredelemnul
Beogh

Shops:
D:3 (   D:5 ((==*!   D:8 ?*   Orc:2 (==*

Annotations:
Lair:4 3 runed translucent doors, rc++, Som Pofo's ghost, journeyman DDGl
Lair:6 1 runed translucent door, exclusion: 3 oklob plants, Fiwougura's ghost, journeyman DjTm
Spider:1 Mlioglotl


Innate Abilities, Weirdness & Mutations

You are a tree.
Your roots penetrate the ground, keeping you stationary.
You cannot be teleported.
You are immune to unholy pain and torment.
Your maximum health is greatly increased.
Your equipment is partially melded.
Your natural rate of healing is accelerated.
((You have razor-sharp teeth.))
You have supernaturally acute eyesight. (SInv)
You are afflicted with vampirism and can become a bat while bloodless.


Message History

The satyr shoots an arrow.
The arrow closely misses you.
Really quaff the potion of lignification?
You turn into a tree.
Your +0 cloak of stealth melds into your body.
The +2 helmet of the Devil {rC+ rN+ Slay+3} melds into your body.
Your +0 pair of gloves melds into your body.
The +0 pair of boots "Ucsepirr" {-Tele rElec Slay+4 SInv} melds into your body.
The +4 skin of Zhor {*Englaciate rC+++ SInv} melds into your body.
You feel less stealthy.
Your roots penetrate the ground.
You block the merfolk aquamancer's attack.
The merfolk aquamancer hits you but does no damage.
The satyr shoots an arrow.
The arrow hits you but does no damage.
You hit the merfolk aquamancer.
The merfolk aquamancer is heavily wounded.
You block the merfolk aquamancer's attack.
You hit the merfolk aquamancer.
The merfolk aquamancer is severely wounded.
The satyr plays a lulling melody on his pipes!
You resist with almost no effort.
You hit the merfolk aquamancer.
The merfolk aquamancer is severely wounded.
The merfolk aquamancer casts a spell.
The merfolk aquamancer blinks!
You cannot move.
You cannot move.
You cannot move.
You hit the satyr.
The satyr is moderately wounded.
The satyr shoots an arrow.
The arrow hits you!
* * * LOW HITPOINT WARNING * * *
Throw: 79 boomerangs
Press: ? - help, Q - select action, (/) - cycle Shift-Dir - straight line, f - merfolk aquamancer
Aim: a merfolk aquamancer, wielding a +4 rapier of speed and wearing a +0 robe (severely wounded, 67% to hit)
You throw a boomerang.
The boomerang barely misses the merfolk aquamancer.
The merfolk aquamancer gestures at you while chanting.
The shard of ice hits you!!
* * * LOW HITPOINT WARNING * * *
The satyr shoots an arrow.
The arrow hits you!
You die...

≈≈≈≈≈≈≈≈*█..█.≈.≈█≈.█.█..≈≈.....█
≈≈≈≈≈≈≈≈*█....≈≈.[≈.'...██.██..█.
≈≈≈≈≈≈≈≈*█....≈≈██≈.'≈...███.).†█
≈≈≈≈≈≈≈≈*█..█.≈█.≈≈.█..≈.≈≈██}≈██
≈≈≈≈≈≈≈≈*█..█.≈≈.≈≈.█.█≈█≈≈≈.██.█
≈≈≈≈≈≈≈≈*█..█.█≈≈≈≈.█....█≈≈.████
≈≈≈≈≈≈≈≈*█†.█(█≈m≈..█≈█.≈█≈8≈█.██
≈≈≈≈≈≈≈≈*█..█..≈≈≈..█≈█..██..█.≈.
≈≈≈≈≈≈≈≈*█..█..≈≈≈..█≈†...█≈.██.█
≈≈≈≈≈≈≈≈*█..█..≈≈≈..█...█...█≈≈≈≈
≈≈≈≈≈≈≈≈*█..█..≈♣≈..█≈..█≈≈.█≈≈≈≈
≈≈≈≈≈≈≈≈*█..█8(§c..8█..█..≈.....█
≈≈≈≈≈≈≈≈*█.†██████████.≈...≈≈.≈.≈
≈≈≈≈≈≈≈≈*█..........███████████..
≈≈≈≈≈≈≈≈*█...(..^≈≈≈.█8........).
≈≈≈≈≈≈≈≈*█....♣..≈_≈.█.....█≈≈≈≈≈
≈≈≈≈≈≈≈≈*█≈≈≈....≈≈≈.█.†.≈≈≈≈≈█..
≈≈≈≈≈≈≈≈*███≈........█.≈≈≈≈.≈██.█
≈≈≈≈≈≈≈≈* █≈..<..♣..█...≈≈≈≈≈.≈≈
≈≈≈≈≈≈≈≈* █≈≈≈......█}....≈█≈≈≈≈
≈≈≈≈≈≈≈≈* ███≈......█8..........


You could see a satyr and a merfolk aquamancer.

Vanquished Creatures
  Rupert (D:14)
  Polyphemus (Shoals:3)
  A storm dragon (Shoals:4)
  Kirke (D:15)
  Ilsuiw (Shoals:3)
  A frost giant (IceCv)
  Azrael (D:13)
  A white draconian (IceCv)
  A dire elephant (D:15)
  The ghost of Hoewnun the Fighter, a journeyman MiFi of Okawaru (Lair:5)
  A merfolk javelineer (Shoals:4)
  The ghost of Gowytukh the Ogre Mage, a journeyman OgEE of Ru (D:12)
  7 merfolk impalers
  Josephine (D:15)
  A great orb of eyes (Gauntlet)
  2 vault guards (D:14)
  15 hydras
  3 catoblepae
  Harold (Orc:1)
  A merfolk aquamancer (Shoals:1)
  4 boulder beetles
  Erica (D:8)
  2 merfolk avatars
  2 ironbound frosthearts (IceCv)
  5 centaur warriors
  2 alligator snapping turtles
  2 two-headed ogres
  7 death yaks
  3 satyrs (Shoals:3)
  A tengu warrior (D:12)
  Nergalle (Orc:1)
  4 orc high priests (Orc:2)
  9 sea snakes
  A sixfirhy (Gauntlet)
  An orange crystal statue (IceCv)
  7 orc knights
  3 deep elf pyromancers
  3 lindwurms
  14 harpies
  5 wolf spiders
  5 orc sorcerers
  16 ugly things
  21 fauns
  13 manticores
  A molten gargoyle (Gauntlet)
  7 merfolk sirens
  Maurice (D:11)
  8 cyclopes
  8 black mambas
  11 elephants
  2 torpor snails
  11 cane toads
  8 water nymphs
  An unseen horror (D:12)
  21 rime drakes
  5 gargoyles
  12 komodo dragons
  A yaktaur (D:12)
  33 merfolk
  6 trolls
  A jumping spider (Spider:1)
  3 slime creatures
  14 wind drakes
  12 polar bears
  A meliai zombie (D:10)
  10 dream sheep
  4 snapping turtles
  16 blink frogs
  A shadow (D:11)
  81 yaks
  16 water elementals
  Sigmund (D:4)
  A tarantella (shapeshifter) (D:14)
  A redback (Lair:3)
  5 wyverns
  A spriggan (Lair:2)
  A tarantella (Lair:3)
  A vampire (D:12)
  9 wraiths
  9 air elementals (Shoals:4)
  2 basilisks
  2 fire elementals (D:13)
  A basilisk (shapeshifter) (D:14)
  A steam dragon (D:10)
  5 vampire mosquitoes
  Edmund (D:5)
  3 wargs
  An acid dragon (D:12)
  12 water moccasins
  5 hell hounds (D:13)
  21 orc warriors
  A sky beast (D:3)
  3 black bears
  An ice beast (D:4)
  2 necrophages
  12 wolves
  The ghost of qborf the Conjurer, an amateur DsCj (D:4)
  9 ogres
  14 centaurs
  5 kobold brigands
  9 bullfrogs
  A wyvern zombie (D:8)
  3 gnoll sergeants (D:12)
  2 scorpions (D:7)
  A wyvern skeleton (D:7)
  4 killer bees (D:9)
  A howler monkey (D:5)
  A bullfrog zombie (D:5)
  6 centaur zombies
  4 hounds
  4 jellies
  17 orc priests
  A bullfrog skeleton (D:6)
  3 gnoll shamans
  A centaur skeleton (D:5)
  3 iguanas
  19 orc wizards
  2 killer bee zombies
  A howler monkey zombie (D:8)
  15 gnolls
  16 adders
  2 shadow imps
  2 white imps
  4 ufetubi
  2 dart slugs (D:2)
  64 orcs
  10 ball pythons
  8 endoplasms
  3 giant cockroaches
  5 hobgoblins
  12 jackals
  12 kobolds
  A quokka (D:2)
  6 bats
  3 frilled lizards
  9 goblins
  4 rats
862 creatures vanquished.

Vanquished Creatures (collateral kills)
  A kraken (Shoals:2)
  A frost giant (IceCv)
  Nessos (D:15)
  A minotaur (Gauntlet)
  2 merfolk impalers (Shoals:4)
  A catoblepas (Lair:6)
  An ironbound frostheart (IceCv)
  A deep troll shaman (Lair:6)
  A centaur warrior (D:14)
  2 death yaks (Lair:6)
  A deep elf pyromancer (D:15)
  A harpy (Shoals:2)
  6 ugly things
  2 fauns (Shoals:3)
  A cyclops (Shoals:2)
  A cane toad (Lair:4)
  3 rime drakes (IceCv)
  2 minotaur zombies (Gauntlet)
  3 polar bears (IceCv)
  3 merfolk
  2 dream sheep (Shoals:2)
  2 snapping turtles (Shoals:1)
  2 water elementals
  2 wraiths (D:15)
  A yak (D:8)
  An orc warrior (Orc:2)
  An orc wizard (Orc:2)
  3 adders (Lair:4)
  An orc (D:15)
  A bat (Shoals:2)
  A plant (Lair:4)
  2 tentacles (Shoals:2)
54 creatures vanquished.

Vanquished Creatures (others)
  2 vault guards (D:14)
  An ugly thing (D:15)
  A torpor snail (Lair:2)
  2 yaks
  A water elemental (Shoals:4)
  2 humans (D:15)
  A bullfrog (Lair:2)
  An orc (Orc:2)
  18 demonic plants (Gauntlet)
  20 fungi
  81 plants
  15 tentacles (Shoals:2)
145 creatures vanquished.

Grand Total: 1061 creatures vanquished

Notes
Turn   | Place    | Note
-------+----------+-------------------------------------------
     0 | D:1      | nht the Vampire Berserker began the quest for the Orb.
     0 | D:1      | Reached XP level 1. HP: 17/17 MP: 1/1
   125 | D:1      | Reached skill level 1 in Stealth
   489 | D:1      | Found a faded altar of an unknown god.
   770 | D:2      | Reached XP level 2. HP: 23/23 MP: 2/2
   789 | D:2      | Reached skill level 2 in Stealth
   789 | D:2      | berserk can fail?
   818 | D:2      | Gained mutation: You are afflicted with vampirism and can
                  | become a bat while bloodless. [Vampire growth]
   818 | D:2      | Reached XP level 3. HP: 27/28 MP: 3/3
  1013 | D:2      | Reached ** piety under Trog
  1041 | D:2      | Reached skill level 3 in Stealth
  1189 | D:2      | Reached XP level 4. HP: 30/34 MP: 4/4
  1402 | D:2      | Reached skill level 5 in Short Blades
  1706 | D:3      | Noticed a sky beast
  1729 | D:3      | Killed a sky beast
  1730 | D:3      | Reached skill level 4 in Stealth
  1730 | D:3      | Reached XP level 5. HP: 39/39 MP: 5/5
  1918 | D:3      | Noticed a necrophage
  2101 | D:3      | Reached skill level 5 in Stealth
  2166 | D:3      | Reached *** piety under Trog
  2494 | D:3      | Found Gogoq Nuqow's Antique Weapon Boutique.
  2530 | D:4      | Reached XP level 6. HP: 45/46 MP: 6/6
  2588 | D:4      | Noticed Sigmund
  2598 | D:4      | Killed Sigmund
  2647 | D:4      | Reached XP level 7. HP: 39/51 MP: 7/7
  2680 | D:4      | Found a runed translucent gate.
  2680 | D:4      | Found a runed translucent gate.
  2680 | D:4      | Found a runed translucent gate.
  2683 | D:4      | Noticed qborf's ghost (amateur DsCj)
  3084 | D:4      | Found a basalt altar of Yredelemnul.
  3238 | D:4      | Killed qborf's ghost
  3294 | D:5      | Entered Level 5 of the Dungeon
  3294 | D:5      | Found Xiekh's Jewellery Shop.
  3311 | D:5      | 1000+ for slaying?
  3375 | D:5      | Noticed Edmund
  3381 | D:5      | Killed Edmund
  3382 | D:5      | Reached skill level 10 in Short Blades
  3382 | D:5      | Reached XP level 8. HP: 57/57 MP: 8/8
  3387 | D:5      | Found Ecowifyil's Jewellery Shoppe.
  3556 | D:5      | Found Gixysueck's General Store.
  3558 | D:5      | Found Goixkim's Specific Store.
  3563 | D:5      | Bought a scroll of fog for 26 gold pieces
  3563 | D:5      | Bought a scroll of blinking for 97 gold pieces
  3567 | D:5      | Bought a wand of paralysis (5) for 105 gold pieces
  3574 | D:5      | Found Nyclu's Distillery.
  3588 | D:5      | Bought a potion of degeneration for 14 gold pieces
  3698 | D:5      | Found Ameupniq's Weapon Emporium.
  3715 | D:5      | Found Fammaed's Weapon Boutique.
  3728 | D:5      | Reached skill level 1 in Shields
  3728 | D:5      | Reached skill level 1 in Evocations
  3847 | D:5      | Found a staircase to the Ecumenical Temple.
  4172 | D:6      | Reached skill level 6 in Stealth
  4410 | D:6      | Reached **** piety under Trog
  4796 | D:6      | Reached skill level 7 in Stealth
  4796 | D:6      | Reached XP level 9. HP: 65/65 MP: 9/9
  5793 | D:7      | Reached ***** piety under Trog
  6163 | D:8      | Reached skill level 8 in Stealth
  6283 | D:8      | Reached skill level 5 in Dodging
  6336 | D:8      | Noticed Erica
  6355 | D:8      | Killed Erica
  6356 | D:8      | Reached skill level 5 in Fighting
  6356 | D:8      | Reached skill level 9 in Stealth
  6434 | D:8      | Found Yffyidghai's Magic Scroll Boutique.
  6437 | D:8      | Bought a scroll of fear for 45 gold pieces
  6437 | D:8      | Bought a scroll of magic mapping for 45 gold pieces
  6437 | D:8      | Bought a scroll of teleportation for 39 gold pieces
  6437 | D:8      | Bought a scroll of fog for 26 gold pieces
  6437 | D:8      | Bought a scroll of identify for 26 gold pieces
  6437 | D:8      | Bought a scroll of identify for 26 gold pieces
  6437 | D:8      | Bought a scroll of identify for 26 gold pieces
  6437 | D:8      | Bought a scroll of identify for 26 gold pieces
  6490 | D:8      | Found Uzus's CLEARANCE SALE!.
  6502 | D:8      | Reached XP level 10. HP: 65/74 MP: 10/10
  6509 | D:8      | Bought a wand of flame (14) for 40 gold pieces
  6509 | D:8      | is this timed?
  7070 | D:8      | Found a staircase to the Lair.
  7179 | Lair:1   | Entered Level 1 of the Lair of Beasts
  7197 | Lair:1   | Found a gate leading to a gauntlet.
  7206 | Gauntlet | Entered a Gauntlet
  7206 | Gauntlet | Noticed a sixfirhy
  7206 | Gauntlet | Found a transporter.
  7206 | Gauntlet | Found a transporter.
  7206 | Gauntlet | Found a transporter.
  7226 | Gauntlet | Found a transporter.
  7228 | Gauntlet | Found a large runed translucent door.
  7229 | Gauntlet | Found a large runed translucent door.
  7230 | Gauntlet | Found a large runed translucent door.
  7230 | Gauntlet | Found a large runed translucent door.
  7230 | Gauntlet | Found a runed translucent door.
  7230 | Gauntlet | Found a runed translucent door.
  7231 | Gauntlet | Found a large runed translucent door.
  7232 | Gauntlet | Found a large runed translucent door.
  7233 | Gauntlet | Found a large runed translucent door.
  7233 | Gauntlet | Found a large runed translucent door.
  7234 | Gauntlet | Found a runed translucent gate.
  7234 | Gauntlet | Found a runed translucent gate.
  7234 | Gauntlet | Found a runed translucent gate.
  7235 | Gauntlet | Noticed a sixfirhy
  7235 | Gauntlet | Noticed a sixfirhy
  7236 | Gauntlet | Found a transporter.
  7240 | Gauntlet | Found a transporter.
  7246 | Gauntlet | Noticed a balrug
  7250 | Gauntlet | Found a transporter.
  7267 | Gauntlet | Noticed a catoblepas
  7268 | Gauntlet | Noticed a gargoyle
  7271 | Gauntlet | Found a transporter.
  7271 | Gauntlet | Noticed a gargoyle
  7271 | Gauntlet | Noticed a molten gargoyle
  7276 | Gauntlet | Found a transporter.
  7283 | Gauntlet | Found a large runed translucent door.
  7283 | Gauntlet | Found a large runed translucent door.
  7283 | Gauntlet | Noticed a great orb of eyes
  7284 | Gauntlet | Found a large runed translucent door.
  7285 | Gauntlet | Found a large runed translucent door.
  7286 | Gauntlet | Found a large runed translucent door.
  7286 | Gauntlet | Found a large runed translucent door.
  7287 | Gauntlet | Found a large runed translucent door.
  7288 | Gauntlet | Found a large runed translucent door.
  7294 | Gauntlet | Found a transporter.
  7294 | Gauntlet | Found a transporter.
  7294 | Gauntlet | Found a transporter.
  7337 | Gauntlet | Noticed a white ugly thing
  7338 | Gauntlet | Noticed a green ugly thing
  7482 | Gauntlet | Killed a sixfirhy
  7491 | Gauntlet | Identified the ring of the Wild Haggis {rF++ rCorr SInv}
  7627 | Gauntlet | Killed a green ugly thing
  7633 | Gauntlet | Killed a white ugly thing
  7634 | Gauntlet | Reached skill level 10 in Stealth
  7634 | Gauntlet | Reached skill level 5 in Evocations
  7692 | Gauntlet | Killed a great orb of eyes
  7693 | Gauntlet | Reached skill level 5 in Shields
  7696 | Gauntlet | Identified the +0 pair of boots "Ucsepirr" {-Tele rElec
                  | Slay+4 SInv}
  7733 | Gauntlet | Killed a molten gargoyle
  7735 | Gauntlet | Killed a gargoyle
  7739 | Gauntlet | Killed a gargoyle
  7744 | Gauntlet | Killed a catoblepas
  7745 | Gauntlet | Reached skill level 11 in Stealth
  7745 | Gauntlet | Reached XP level 11. HP: 83/83 MP: 11/11
  7798 | Gauntlet | Identified the +6 rapier "Hogu" {vorpal, Drain rPois rN+++
                  | Dex-3}
  7798 | Gauntlet | Noticed a minotaur
  7800 | Gauntlet | trash
  7806 | Gauntlet | Killed a minotaur
  7821 | Gauntlet | Identified the +2 robe "Konolil" {rElec rPois}
  7981 | Lair:1   | Noticed a five-headed hydra
  7991 | Lair:1   | Killed a five-headed hydra
  7992 | Lair:1   | Reached skill level 12 in Stealth
  8309 | Lair:1   | Reached skill level 13 in Stealth
  8322 | Lair:1   | HP: 1/84 [komodo dragon (23)]
  8323 | Lair:1   | whoops
  9213 | Lair:2   | Reached skill level 14 in Stealth
  9216 | Lair:2   | Reached XP level 12. HP: 91/91 MP: 12/12
  9494 | Lair:2   | Noticed a six-headed hydra
  9497 | Lair:2   | Killed a six-headed hydra
  9497 | Lair:2   | Received a gift from Trog
  9498 | Lair:2   | Reached skill level 15 in Stealth
  9920 | Lair:2   | Reached skill level 16 in Stealth
 10103 | Lair:2   | Noticed a boulder beetle
 10110 | Lair:2   | Killed a boulder beetle
 10446 | Lair:3   | Found a staircase to the Shoals.
 10472 | Lair:3   | Reached skill level 1 in Throwing
 10760 | Lair:3   | Found a hole to the Spider Nest.
 10888 | Lair:3   | Noticed a five-headed hydra
 10897 | Lair:3   | Killed a five-headed hydra
 11039 | Lair:3   | Noticed a five-headed hydra
 11048 | Lair:3   | Killed a five-headed hydra
 11169 | Lair:3   | Reached XP level 13. HP: 67/96 MP: 13/13
 11782 | Lair:4   | Reached skill level 5 in Throwing
 11872 | Lair:4   | Received a gift from Trog
 12286 | Lair:4   | Found a runed translucent gate.
 12302 | Lair:4   | Found a runed translucent gate.
 12302 | Lair:4   | Found a runed translucent gate.
 12331 | Lair:4   | Noticed Som Pofo's ghost (journeyman DDGl)
 13213 | Lair:5   | Found a large runed translucent door.
 13214 | Lair:5   | Found a large runed translucent door.
 13667 | Lair:5   | Noticed Hoewnun's ghost (journeyman MiFi)
 13920 | Lair:5   | Killed Hoewnun's ghost
 13921 | Lair:5   | Reached skill level 10 in Fighting
 13995 | Lair:6   | Entered Level 6 of the Lair of Beasts
 14164 | Lair:6   | Found a runed translucent door.
 14164 | Lair:6   | Found a shimmering altar of Xom.
 14164 | Lair:6   | Noticed Fiwougura's ghost (journeyman DjTm)
 14165 | Lair:6   | Identified the +2 war axe of Nenaig Lues {chaos, Str+10}
 14227 | Lair:6   | Reached XP level 14. HP: 25/111 MP: 14/14
 14522 | Lair:6   | Received a gift from Trog
 15366 | Lair:6   | Found a staircase to the Slime Pits.
 16345 | D:9      | Identified a scroll of acquirement
 16347 | D:9      | Acquired a manual of Throwing
 16862 | D:10     | Entered Level 10 of the Dungeon
 17687 | D:11     | Noticed Maurice
 17691 | D:11     | Killed Maurice
 17933 | D:11     | Found the +4 skin of Zhor {*Englaciate rC+++ SInv}
 17948 | D:11     | Identified the +4 quick blade "Tumoiwni" {vorpal, rC++
                  | Stlth+} (Trog gifted it to you on level 11 of the Dungeon)
 17948 | D:11     | Received a gift from Trog
 18762 | D:12     | Reached ****** piety under Trog
 18856 | D:12     | Found a runed translucent gate.
 18856 | D:12     | Found a runed translucent gate.
 18856 | D:12     | Found a runed translucent gate.
 18856 | D:12     | Noticed Gowytukh's ghost (journeyman OgEE)
 18858 | D:12     | Found a basalt altar of Yredelemnul.
 18867 | D:12     | Reached skill level 10 in Throwing
 18881 | D:12     | Killed Gowytukh's ghost
 19204 | D:12     | Found a staircase to the Orcish Mines.
 19807 | D:12     | Reached XP level 15. HP: 114/124 MP: 15/15
 19938 | D:12     | Received a gift from Trog
 20054 | D:12     | Identified the +2 helmet of the Devil {rC+ rN+ Slay+3}
 20096 | Orc:1    | Entered Level 1 of the Orcish Mines
 20196 | Orc:1    | Noticed Harold
 20199 | Orc:1    | Noticed Nergalle
 20225 | Orc:1    | Killed Nergalle
 20235 | Orc:1    | Killed Harold
 20460 | Orc:2    | Entered Level 2 of the Orcish Mines
 20460 | Orc:2    | Found a staircase to the Elven Halls.
 21943 | Orc:2    | Found Syevvit's Jewellery Emporium.
 21943 | Orc:2    | Found Dal Garch's General Store.
 22009 | Orc:2    | Found Osompauda's Antique Weapon Emporium.
 22009 | Orc:2    | Found Obrib's Jewellery Shop.
 22020 | Orc:2    | Bought a scroll of fog for 24 gold pieces
 22020 | Orc:2    | Bought a potion of attraction for 36 gold pieces
 22020 | Orc:2    | Bought a scroll of teleportation for 36 gold pieces
 22102 | Orc:1    | Received a gift from Trog
 22359 | D:13     | Noticed Azrael
 22379 | D:13     | Killed Azrael
 23724 | D:14     | Noticed Rupert
 23735 | D:14     | Killed Rupert
 23736 | D:14     | Reached skill level 10 in Dodging
 23811 | D:14     | You fall into a shaft and drop 1 floor!
 23811 | D:15     | Entered Level 15 of the Dungeon
 24021 | D:14     | Found a gate to the Vaults.
 24408 | D:15     | Received a gift from Trog
 24496 | D:15     | Noticed Kirke
 24539 | D:15     | Killed Kirke
 24556 | D:15     | Noticed Nessos
 24561 | D:15     | Noticed Josephine
 24566 | D:15     | Killed Nessos
 24572 | D:15     | Killed Josephine
 24576 | D:15     | this is a hilarious ally
 24688 | D:15     | Reached XP level 16. HP: 121/131 MP: 16/16
 24732 | D:15     | Found a staircase to the Depths.
 25044 | D:15     | Found a hazy altar of Hepliaklqana.
 25208 | D:15     | Identified the ring "Okhlega" {rF+ rC+ AC+4}
 25800 | D:5      | Bought a potion of haste for 140 gold pieces
 25800 | D:5      | Bought a potion of cancellation for 112 gold pieces
 25800 | D:5      | Bought a potion of heal wounds for 70 gold pieces
 25800 | D:5      | Bought a potion of curing for 42 gold pieces
 25800 | D:5      | Bought a potion of curing for 42 gold pieces
 25800 | D:5      | Bought a potion of curing for 42 gold pieces
 25800 | D:5      | Bought 2 potions of curing for 84 gold pieces
 25800 | D:5      | Bought 2 potions of lignification for 84 gold pieces
 25980 | Spider:1 | Entered Level 1 of the Spider Nest
 26025 | Spider:1 | Noticed Mlioglotl
 26035 | Lair:3   | Received a gift from Trog
 26102 | Shoals:1 | Entered Level 1 of the Shoals
 26118 | Shoals:1 | Reached skill level 10 in Shields
 27432 | Shoals:2 | Noticed a kraken
 27888 | Shoals:2 | Killed a kraken
 28038 | Shoals:2 | Received a gift from Trog
 28713 | Shoals:3 | Found a frozen archway.
 28767 | IceCv    | Entered an ice cave
 29217 | IceCv    | Reached XP level 17. HP: 137/137 MP: 17/17
 29573 | IceCv    | Received a gift from Trog
 29864 | Shoals:3 | Noticed Ilsuiw
 29909 | Shoals:3 | Killed Ilsuiw
 30458 | Shoals:3 | Noticed Polyphemus
 30466 | Shoals:3 | Killed Polyphemus
 30700 | Shoals:3 | Acquired 840 gold pieces
 31034 | Shoals:4 | Entered Level 4 of the Shoals
 31034 | Shoals:4 | Found a burning altar of Makhleb.
 31156 | Shoals:4 | Paralysed by an air elemental for 1 turns
 31286 | Shoals:4 | Received a gift from Trog
 31310 | Shoals:4 | Found a blossoming altar of Fedhas.
 31681 | Shoals:4 | Paralysed by an air elemental for 1 turns
 31685 | Shoals:4 | Paralysed by an air elemental for 1 turns
 31697 | Shoals:4 | Paralysed by an air elemental for 1 turns
 32456 | Shoals:4 | Got a barnacled rune of Zot
 32484 | Shoals:4 | Reached skill level 15 in Dodging
 32692 | Shoals:4 | Shot with an arrow by a satyr

Illustrated notes █.██ ...█ █.█ ...███ █.█ .....██ █.█ ....... █.█ .....█ █.█████J..█ █ █.....@..(█ █.████.██.███.██ █.............█ ██████..███████ ████..█ █.....█ █.███....█ █.█ ████.█ █.█ █ █.█ █<██ Turn 789 on D:2: berserk can fail? ....█ █. █.█.█ ███.. █...█ █... █..███.██████.██ █..██..<........ ██████...........█.██ █...........█.██...█ █.@.......)█ █.█ ██.███.....█ █ █.█ █.....█ ... ......█ ............. ███████████████ Turn 3311 on D:5: 1000+ for slaying? █ █.█..........█ █ █.██..█.....(.. █ █.███.█.......██ █.███...█████.█ █.......█ .█ █.......█ █.......█ █......>█ █.█.....█ █.......█ ███████ ███.....███∩Y@.∩██ █...████.......██ █..........⌠....... █..†...........████ █.......█∩.∩.∩██ █.......███████ █.......█ █.......█ █......)█ █████████ Turn 6509 on D:8: is this timed? '███ ⌠..█ ..⌠+ ... H∩ y█ ███████'██████ █.....@5...... █.███.███.███.█ █.............█ ███.███.███.██ █████.███.███.█████ █§...............≈█ ███ █8§8.8..©.©..8.8.8█ ███ █8█ █§...............§█ █8█ ███████████████████████████████ ███≈............≈∩≈............≈█ █8█.............................█ Turn 7800 on Gauntlet: trash

█...........██ **,,*
███..........█ *,,,* *
█...<.....█* **,,** *
██..█..███.█ **,,* * █.█████
*** *,** * █.....█████ *,*█ *
███.....██.█ *██*,.█ ***
*██..........██ *█.██.██**,*
█.............█ *.......,,,*
.............████l......,,,*
██...........███@hY....!,,,*
*█..............█YY.....,,,**
██.........██..█Y......,,,,*
█P........██.>........,,,**
██........██.██.......,,,*
█P█.█.█.█████*....$..,,,*
████...██ *.......,,,* ██..██
*.......,,,* █...█
***█..,*,***
██.███*█***,,,********
███.+█.█.█*,*+,**,,**,,*


Turn 8323 on Lair:1: whoops .██...███.██ █........ ......█ █..█ █....... ..
███...█ ██.███...... .... ████..█ █.....██ .██.█.█ ........██.█.█..██.......
████..................█.█ ...........█.█........... ........................
..................)p███ .................c..█ ................@)..█
.█.█.......█.█.█.█.e█ ..... .....?.........█ .█.█. ....█.█.█.█...... .....
.^.............. █..█ ..█.█.█.█....... ... ................ .████
..█.█.█.█...... ....████... ........(.█ ........... Turn 24576 on D:15: this is
a hilarious ally

Levels and vault maps discovered:
D:1:      minmay_arrival_semitransparent, layout_basic,
          dilly_ecumenical_altar_fadedgnrine
D:2:      layout_loops_ring, minmay_vboxes
D:3:      layout_rooms, serial_shops, nicolae_shop_behind_doors
D:4:      layout_loops_ring, mainiacjoe_overflow_tiny_flanked,
          ebering_ghost_rock_garden, uniq_sigmund
D:5:      layout_rooms, minmay_temple_entry_hall, serial_shops,
          nicolae_shop_waterfront, nicolae_inconvenience_store,
          nicolae_shop_waterfront, shop, shop, nicolae_specific_store,
          kennysheep_generic_room_8, uniq_edmund
D:6:      layout_basic, minivault_10
D:7:      layout_loops_ring, minmay_misc_feat_encased
D:8:      layout_basic, lair_entry_dummy, serial_shops, shop,
          nicolae_shop_clearance, uniq_erica
D:9:      layout_irregular_city
D:10:     layout_basic, minmay_misc_feat_nine_boxes
D:11:     layout_basic, minmay_misc_feat_rows, hellmonk_guarded_unrand_zhor,
          uniq_maurice
D:12:     minmay_blocking_statues, layout_loops_corners,
          kennysheep_orc_monster_closet_entryway,
          nicolae_yredelemnul_ghost_church
D:13:     layout_stronghold, uniq_azrael
D:14:     layout_cave_pools, lightli_vaults_fourway_checkpoint,
          kennysheep_cluttered_room, uniq_rupert
D:15:     hangedman_depths_entry_try_elsewhere_first, layout_rooms,
          serial_glass, glass_columns_a, glass_columns_a, glass_columns_a,
          glass_columns_c, glass_columns_a, nicolae_hepliaklqana_hazy_memory,
          uniq_josephine, uniq_kirke, uniq_nessos
Lair:1:   layout_roguey, gauntlet_entry_generic, grunt_megastairs_2,
          serial_bayou_shore_b, lemuel_fruit_fields, lemuel_fruit_tree
Lair:2:   layout_roguey, grunt_forest_stairs_clearing
Lair:3:   nzn_winding_woodlands_small
          [nzn_winding_woodlands_5x15_pathside_ponds,
          nzn_winding_woodlands_center_triple_pond,
          nzn_winding_woodlands_5x15_default], layout_chaotic_city,
          elwin_shoals_entry_stream, dummy_spider_entry
Lair:4:   minmay_lair_venomous_thicket, layout_gridlike, gammafunk_ghost_icy,
          st_stairs_13
Lair:5:   layout_regular_city, ebering_ghost_disaster_area
Lair:6:   grunt_lair_end_beastmaster, layout_cave_pods,
          minmay_slime_entry_oklob_enclosed, ebering_ghost_xom
Shoals:1: layout_shoals
Shoals:2: layout_shoals, nicolae_shoals_siren_and_animal_friends
Shoals:3: layout_shoals, portal_ice_cave_entry_pillars_2, uniq_ilsuiw,
          uniq_polyphemus
Shoals:4: shoals_end_hellmonk_storm_palace [storm_palace_center_ruins,
          storm_palace_corner_pillars, storm_palace_corner_altar,
          storm_palace_corner_blocked, storm_palace_corner_altar]
Spider:1: nicolae_spider_corner, hangedman_spider_tarantella_strand,
          uniq_mlioglotl
Orc:1:    layout_diamond_mine, basic_altar, uniq_nergalle, uniq_harold
Orc:2:    grunt_orc_tribal_feast, layout_caves

Skill      XL: |  1  2  3  4  5  6  7  8  9 10 11 12 13 14 15 16 17 |
---------------+----------------------------------------------------+-----
Stealth        | 1 2 3 4 5 7 9 11 14 16 | 16.0
Short Blades   | 4 5 6 7 10 11 14 | 14.0
Fighting       | 3 5 6 7 10 13 | 13.6
Shields        | 2 4 5 6 9 11 12 | 12.7
Evocations     | 2 4 5 6 8 |  8.4
Dodging        | 4 5 7 8 11 13 15 | 15.0
Throwing       | 3 6 12 13 14 | 14.6
Armour         | |  1.5

Action                   |  1- 3 |  4- 6 |  7- 9 | 10-12 | 13-15 | 16-18 || total
-------------------------+-------+-------+-------+-------+-------+-------++-------
Melee: Short sword       |    85 |    98 |       |       |       |       ||   183
       Bite              |     5 |    20 |    34 |    72 |   145 |    84 ||   360
       Dagger            |       |    48 |   321 |   384 |       |       ||   753
       Rapier            |       |       |       |    62 |  1136 |   638 ||  1836
Throw: Boomerang         |       |     2 |     1 |       |     5 |   291 ||   299
       Dart              |       |       |       |       |    39 |       ||    39
       Javelin           |       |       |       |       |       |    18 ||    18
Invok: Berserk           |       |     2 |     9 |    12 |    12 |     6 ||    41
       Brothers in Arms  |       |       |       |     1 |     3 |     6 ||    10
       Trog's Hand       |       |       |       |       |     2 |     1 ||     3
Evoke: Wand              |       |     2 |    17 |    26 |    62 |    36 ||   143
       Phantom mirror    |       |       |       |     2 |     3 |     1 ||     6
       Lightning rod     |       |       |       |       |     8 |       ||     8
       Box of beasts     |       |       |       |       |       |     2 ||     2
       Phial of floods   |       |       |       |       |       |     2 ||     2
       Condenser vane    |       |       |       |       |       |     2 ||     2
  Use: Scroll            |       |       |    14 |     9 |     6 |     7 ||    36
       Potion            |       |       |       |     1 |     1 |     9 ||    11
 Stab: Sleeping          |     3 |     7 |     9 |    16 |    61 |    39 ||   135
       Invisible         |       |       |       |     5 |       |     5 ||    10
       Paralysed         |       |       |       |     1 |     3 |     3 ||     7
       Petrifying        |       |       |       |       |     2 |       ||     2
       Petrified         |       |       |       |       |     2 |       ||     2
       Distracted        |       |       |       |       |     1 |     2 ||     3
       Confused          |       |       |       |       |       |     1 ||     1
Armor: Animal skin       |     6 |    18 |       |       |    96 |    75 ||   195
       Robe              |       |     3 |    21 |    23 |    44 |       ||    91
       Skin              |       |       |       |       |       |     2 ||     2
Dodge: Dodged            |    34 |    50 |    73 |   150 |   387 |   289 ||   983
Block: Buckler           |    12 |    29 |    74 |   120 |    87 |       ||   322
       Kite shield       |       |       |       |       |   312 |   339 ||   651

Table legend: (Time is in decaauts)
 A = Elapsed time spent in this place.
 B = Non-inter-level travel time spent in this place.
 C = Inter-level travel time spent in this place.
 D = Time resting spent in this place.
 E = Time spent auto-exploring this place.
 F = Levels seen in this place.
 G = Mean time per level.
                   A        B        C        D        E       F      G
               +--------+--------+--------+--------+--------+-----+--------+
         Total |  32137 |  30148 |   1989 |   3058 |  20767 |  30 | 1071.2 |
       Dungeon |  14763 |  13612 |   1151 |    897 |  10233 |  15 |  984.2 |
          Lair |   8191 |   7733 |    458 |    362 |   6010 |   6 | 1365.2 |
        Shoals |   5276 |   5034 |    242 |    907 |   2782 |   4 | 1319.0 |
   Spider Nest |     45 |     45 |      0 |      0 |      4 |   1 |   45.0 |
  Orcish Mines |   2158 |   2022 |    136 |    556 |   1047 |   2 | 1079.0 |
      Ice Cave |   1094 |   1094 |      0 |    180 |    537 |   1 | 1094.0 |
      Gauntlet |    606 |    606 |      0 |    154 |    152 |   1 |  606.0 |
               +--------+--------+--------+--------+--------+-----+--------+

Top non-repeatable levels by time:
  Lair:6: 1954 daAuts
    D:12: 1690 daAuts
  Lair:3: 1537 daAuts
Shoals:3: 1493 daAuts
     D:8: 1479 daAuts
   Orc:1: 1431 daAuts
Shoals:4: 1350 daAuts
  Lair:1: 1347 daAuts
    D:13: 1289 daAuts
  Lair:4: 1276 daAuts
Shoals:2: 1228 daAuts
Shoals:1: 1203 daAuts
   IceCv: 1094 daAuts
  Lair:5: 1078 daAuts
     D:2: 1061 daAuts
